 Dungeon Crawl Stone Soup version 0.30-a0-377-g5cb311bc9f (webtiles) character file.

Game seed: 13646159556367200950

1099 porpoise the Skirmisher (level 8, -4/51 HPs)
             Began as a Tengu Hunter on Nov 29, 2022.
             Slain by a sky beast (5 damage)
             ... on level 6 of the Dungeon.
             The game lasted 00:21:01 (5117 turns).

porpoise the Skirmisher (Tengu Hunter)              Turns: 5117, Time: 00:21:02

Health: -4/51      AC:  6    Str: 11    XL:     8   Next: 32%
Magic:  9/9        EV: 14    Int: 10    God:
Gold:   252        SH:  0    Dex: 20    Spells: 7/7 levels left

rFire   . . .      SeeInvis .    a - +1 shortbow (flame)
rCold   . . .      Faith    .    (shield currently unavailable)
rNeg    + . .      Spirit   .    x - +3 leather armour
rPois   .          Reflect  .    (helmet restricted)
rElec   .          Harm     .    s - scarf {repulsion}
rCorr   .          Rampage  .    (no gloves)
Will    .....                    (boots unavailable)
Stlth   ++........               (no amulet)
HPRegen 0.28/turn                g - ring of positive energy
MPRegen 0.11/turn                (no ring)

@: flying quickly and evasively, repel missiles, quick
A: beak, talons 3, nimble flight
a: no special abilities


You were on level 6 of the Dungeon.
You visited 1 branch of the dungeon, and saw 6 of its levels.

You collected 252 gold pieces.

Inventory:

Hand Weapons
 a - a +1 shortbow of flaming (weapon)
 b - a +3 quarterstaff
 i - a +0 falchion of electrocution
 r - a +2 dagger of venom
Missiles
 h - 10 poisoned darts
Armour
 d - a +0 scale mail of willpower
 l - a +3 ring mail of positive energy
 s - a scarf of repulsion (worn)
 x - a +3 leather armour (worn)
Magical Staves
 q - a staff of earth
Jewellery
 g - a ring of positive energy (left hand)
 o - the ring "Inlycoeril" {Fly Str+4 Int-2 Dex+5 Slay-5}
   (You found it on level 3 of the Dungeon)

   [ring of flight]

   Str:       It affects your strength (+4).
   Int:       It affects your intelligence (-2).
   Dex:       It affects your dexterity (+5).
   Slay:      It affects your accuracy & damage with ranged weapons and melee
   (-5).
   Fly:       It grants you flight.
Wands
 t - a wand of digging (5)
 w - a wand of flame (17)
Scrolls
 e - a scroll of silence
 f - 3 scrolls of immolation
 u - 4 scrolls of identify
 v - a scroll of amnesia {unknown}
 y - a scroll of magic mapping
 z - a scroll of poison {unknown}
 A - a scroll of teleportation {unknown}
 B - a scroll of vulnerability {unknown}
Potions
 c - 2 potions of magic
 j - a potion of cancellation
 k - 2 potions of heal wounds
 m - a potion of ambrosia
 n - 2 potions of brilliance
 p - a potion of might


   Skills:
 + Level 5.8 Fighting
 * Level 9.6 Ranged Weapons
 - Level 2.1 Dodging
 - Level 1.0 Stealth


You had 7 spell levels left.
You didn't know any spells.
Your spell library contained the following spells:

 Spells                   Type           Power      Damage    Failure   Level
 Cigotuvi's Dreadful Rot  Necr/Pois/Air  0%         N/A       58%         2
 Poisonous Vapours        Pois/Air       0%         N/A       58%         2
 Sublimation of Blood     Necr           0%         N/A       58%         2
 Mephitic Cloud           Conj/Pois/Air  0%         N/A       83%         3
 Passage of Golubria      Tloc           0%         N/A       99%         4
 Petrify                  Tmut/Erth      0%         N/A       99%         4
 Irradiate                Conj/Tmut      0%         3d11      100%        5
 Silence                  Hex/Air        0%         N/A       100%        5
 Lehudib's Crystal Spear  Conj/Erth      0%         10d2      100%        8


Dungeon Overview and Level Annotations

Branches:
Dungeon (6/15)
 Temple: D:4-7

Altars:
Ashenzari
Gozag
Sif Muna
Trog
Vehumet
Zin

Shops:
D:2 *[[((

Annotations:
D:3 2 runed translucent doors, qeuew's ghost, amateur FoFi


Innate Abilities, Weirdness & Mutations

You have a beak for a mouth.
You have claws for feet.
Your magical nature lets you fly swiftly and evasively.


Message History

Unknown command.
You are too injured to fight recklessly!
Unknown command.
There is a strange disturbance nearby!
Unknown command.
Fire: a) +1 shortbow (flame)
Press: ? - help, Q - select action, (/) - cycle Shift-Dir - straight line You shoot an arrow.
Something hits you. Something shocks you.
* * * LOW HITPOINT WARNING * * *
Fire: a) +1 shortbow (flame)
Press: ? - help, Q - select action, (/) - cycle Shift-Dir - straight line You shoot an arrow.
Something hits you but does no damage.
Fire: a) +1 shortbow (flame)
Press: ? - help, Q - select action, (/) - cycle Shift-Dir - straight line You shoot an arrow.
Something hits you.
* * * LOW HITPOINT WARNING * * *
Something shocks you.
* * * LOW HITPOINT WARNING * * *
Fire: a) +1 shortbow (flame)
Press: ? - help, Q - select action, (/) - cycle Shift-Dir - straight line You shoot an arrow.
A sky beast appears from thin air!
Reactivating autopickup.
The sky beast hits you.
* * * LOW HITPOINT WARNING * * *
The sky beast shocks you.
* * * LOW HITPOINT WARNING * * *
Fire: a) +1 shortbow (flame)
Press: ? - help, Q - select action, (/) - cycle Shift-Dir - straight line, f - sky beast
Aim: a sky beast (rain, almost dead, 61% to hit)
You shoot an arrow. The arrow hits the sky beast.
The arrow burns the sky beast.
The sky beast is almost dead.
The sky beast hits you.
* * * LOW HITPOINT WARNING * * *
The sky beast shocks you.
You die...

..#.....
#.......
..#.#.#
...).#
#.#.# ...
##Y##
#.@.#
........##
.....#...
.... ##..#
.#. ##!.
.. #.. >
#. +#


You could see a sky beast.

Vanquished Creatures
  Sigmund (D:2)
  2 ogres
  A phantom (D:5)
  A scorpion (D:5)
  A necrophage (D:5)
  An orc priest (D:4)
  A gnoll bouda (D:5)
  A hound (D:4)
  2 jellies
  2 iguanas
  Robin (D:3)
  13 adders
  A river rat (D:4)
  13 gnolls
  An ufetubus (D:5)
  3 worms
  A dart slug (D:3)
  6 orcs
  9 bats
  12 endoplasms
  A giant cockroach (D:4)
  13 goblins
  8 hobgoblins
  4 jackals (D:1)
  3 quokkas (D:4)
  7 ball pythons
  4 frilled lizards
  6 kobolds
  3 rats
122 creatures vanquished.

Notes
Turn   | Place    | Note
-------+----------+-------------------------------------------
     0 | D:1      | porpoise the Tengu Hunter began the quest for the Orb.
     0 | D:1      | Reached XP level 1. HP: 12/12 MP: 2/2
    81 | D:1      | Reached XP level 2. HP: 17/17 MP: 3/3
   499 | D:1      | Reached skill level 5 in Ranged Weapons
   610 | D:1      | Reached XP level 3. HP: 22/22 MP: 4/4
  1060 | D:1      | Reached XP level 4. HP: 11/27 MP: 5/5
  1314 | D:2      | Found Ukitol's General Store.
  1584 | D:2      | Found Zogyhoh's Antique Armour Shop.
  1587 | D:2      | Found Odumm's Weapon Shoppe.
  1633 | D:2      | Found Haurrud's Weapon Shoppe.
  1715 | D:2      | Found Ulear's Armour Emporium.
  1797 | D:2      | Reached skill level 6 in Ranged Weapons
  1912 | D:2      | Gained mutation: Your magical nature lets you fly swiftly
                  | and evasively. [Tengu growth]
  1912 | D:2      | Reached XP level 5. HP: 32/32 MP: 6/6
  1987 | D:2      | Noticed Sigmund
  1995 | D:2      | Killed Sigmund
  1996 | D:2      | Reached skill level 7 in Ranged Weapons
  1996 | D:2      | Reached XP level 6. HP: 30/38 MP: 7/7
  2386 | D:3      | Found a runed translucent door.
  2390 | D:3      | Found a glowing silver altar of Zin.
  2459 | D:3      | Found a runed translucent door.
  2464 | D:3      | Noticed qeuew's ghost (amateur FoFi)
  2482 | D:3      | Identified the +0 robe of the Apprentice {Int+3}
  2563 | D:3      | Identified the ring "Inlycoeril" {Fly Str+4 Int-2 Dex+5
                  | Slay-5}
  2591 | D:3      | Noticed Robin
  2603 | D:3      | Killed Robin
  2770 | D:3      | Reached XP level 7. HP: 44/44 MP: 8/8
  2787 | D:3      | Found a broken altar of Ashenzari.
  3113 | D:4      | Reached skill level 8 in Ranged Weapons
  4084 | D:5      | Entered Level 5 of the Dungeon
  4089 | D:5      | Reached skill level 5 in Fighting
  4208 | D:5      | Found a bloodstained altar of Trog.
  4514 | D:5      | Reached skill level 9 in Ranged Weapons
  4522 | D:5      | Reached XP level 8. HP: 31/49 MP: 9/9
  4804 | D:5      | Found a shimmering blue altar of Sif Muna.
  4862 | D:5      | Found an opulent altar of Gozag.
  4867 | D:5      | Found a radiant altar of Vehumet.
  5116 | D:6      | HP: 2/51 [sky beast (5)]
  5117 | D:6      | Slain by a sky beast

Illustrated notes

Levels and vault maps discovered:
D:1:      mushboom_english_gardens, layout_loops_corners,
          chequers_serial_rivers_micro_c
D:2:      minmay_evil_eye, layout_loops_cross, serial_shops, shop_fountains,
          shop, nicolae_shop_hallway_stairs, shop, shop, grunt_decor_resistance,
          roderic_lattice_a, uniq_sigmund
D:3:      layout_rooms, zin_statuary, ashenzari_conservatory_becter,
          ebering_ghost_sewer_f, uniq_robin
D:4:      layout_basic, gup_sewer_entry_bubbles, interstate_on_off
D:5:      layout_rooms, trog_three_pillars_becter,
          minmay_overflow_temple_star_quad
D:6:      corexii_shantytown, layout_loops_ring, tso_metal_star,
          minmay_temple_entry_poolview, serial_glass, glass_columns_a,
          glass_columns_a, glass_columns_b, glass_columns_a, glass_columns_a,
          glass_columns_c, glass_columns_a, glass_columns_a, glass_columns_a,
          glass_columns_b, glass_columns_a, glass_columns_a, glass_columns_a,
          glass_columns_a, st_stairs_10, amethyst_killhole,
          grunt_decor_arrowhead, dreamdust_princess_bridge, hex_medium,
          minmay_manual_monolith, uniq_duvessa

Skill      XL: |  1  2  3  4  5  6  7 |
---------------+----------------------+-----
Ranged Weapons | 5 6 7 9 |  9.6
Fighting       | 3 4 5 |  5.8
Dodging        | |  2.1
Stealth        | |  1.0

Action                   |  1- 3 |  4- 6 |  7- 9 || total
-------------------------+-------+-------+-------++-------
 Fire: Shortbow          |    54 |   148 |   173 ||   375
  Use: Scroll            |       |     5 |     8 ||    13
Armor: Leather armour    |    10 |    10 |    11 ||    31
       Ring mail         |       |     8 |     6 ||    14
Dodge: Dodged            |    21 |    44 |    45 ||   110

Table legend: (Time is in decaauts)
 A = Elapsed time spent in this place.
 B = Non-inter-level travel time spent in this place.
 C = Inter-level travel time spent in this place.
 D = Time resting spent in this place.
 E = Time spent auto-exploring this place.
 F = Levels seen in this place.
 G = Mean time per level.
                   A        B        C        D        E       F      G
               +--------+--------+--------+--------+--------+-----+--------+
         Total |   4974 |   4767 |    207 |    952 |   2934 |   6 |  829.0 |
       Dungeon |   4974 |   4767 |    207 |    952 |   2934 |   6 |  829.0 |
               +--------+--------+--------+--------+--------+-----+--------+

Top non-repeatable levels by time:
     D:2: 1339 daAuts
     D:4: 1316 daAuts
     D:1: 1025 daAuts
     D:5: 771 daAuts
     D:3: 504 daAuts
     D:6: 18 daAuts
